Map: Dusk Towers

Players

BDawg

  • Race: Terran Terran
  • League: Master

Miszu - Winner!

  • Race: Terran Terran
  • League: Master

VOD

Have the link to the VOD?

Description

Time

  • Played on: June 27, 2016, 6:12 p.m.
  • Length: 4:38
Show
View Real Time Build Order
Export as new Build Order

BDawg Terran 

Build Orders:  

Get SALT Encoding   

  12  0:00  SCV  
  13  0:12  SCV  
  14  0:17  Supply Depot  
  14  0:25  SCV  
  15  0:39  Barracks, SCV  
  16  0:43  Refinery  
  16  0:51  SCV  
  17  0:59  Barracks  
  17  1:03  SCV  
  18  1:15  SCV  
  19  1:26  Reaper  
  19  1:27  Orbital Command  
  20  1:40  Supply Depot  
  20  1:46  Reaper  
  21  1:53  SCV  
  22  2:03  Reaper  
  22  2:05  SCV  
  24  2:13  Command Center  
  24  2:17  SCV  
  24  2:21  Reaper  
  26  2:39  SCV  
  26  2:40  Reaper  
  28  2:51  SCV  
  27  2:59  Reaper  
  27  3:04  Command Center  
  28  3:06  SCV  
  29  3:17  Refinery, Reaper  
  29  3:18  SCV  
  29  3:19  Supply Depot  
  31  3:27  Orbital Command  
  31  3:31  SCV  
  33  3:43  SCV  
  31  3:55  SCV  
  31  3:57  Barracks Tech Lab  
  31  3:58  Bunker, Marine  
  31  3:59  SCV  
  31  4:01  Bunker  
  33  4:07  SCV  
Show
View Real Time Build Order
Export as new Build Order

Miszu Terran - Winner!

Build Orders:  

Get SALT Encoding   

  12  0:01  SCV  
  13  0:16  SCV  
  13  0:18  Supply Depot  
  14  0:28  SCV  
  15  0:40  SCV  
  15  0:42  Barracks  
  16  0:44  Refinery  
  16  0:53  SCV  
  17  1:05  SCV  
  18  1:13  Barracks  
  18  1:17  SCV  
  19  1:29  Orbital Command  
  19  1:31  Reaper  
  20  1:48  Supply Depot  
  20  1:55  SCV  
  20  1:59  Reaper  
  22  2:07  Reaper  
  23  2:10  SCV  
  24  2:18  Command Center  
  24  2:23  SCV  
  25  2:31  Reaper  
  25  2:36  Refinery, Barracks  
  26  2:50  Reaper  
  26  3:00  SCV  
  26  3:03  Barracks  
  26  3:05  Barracks x2  
  27  3:06  Reaper  
  28  3:17  SCV  
  29  3:22  Reaper  
  29  3:26  Reaper  
  31  3:30  SCV  
  31  3:33  Orbital Command  
  32  3:38  Reaper  
  33  3:53  Reaper  
  33  3:54  Barracks Tech Lab, Reaper  
  35  3:56  SCV  
  35  4:02  SCV  
  37  4:08  Supply Depot, SCV  
  38  4:14  SCV  
  39  4:20  SCV  
Tags
 
Matchup
TvT
Player
Miszu
Race
Terran
Add a new tag
Caveats
  • Supply blocks, unpowered buildings, or Contaminate may cause inaccurate times.
  • Supply counts are checked every 10 seconds.